[ AOE2 MATCH · #478764903 ]
UnrankedGurjaras vs Dravidians
[ REPLAY ANALYSIS · EXTRACTED FROM THE RECORDED GAME ]
Feudal
11:26
Castle
17:12
Imperial
29:27
| APM avg | 25.1 |
| APM peak | 50 |
| eAPM avg | 13.5 |
| Villagers / military | 198 / 1023 |
Focus
⚔️ 43.4% · 🌾 56.6%
Chakram Thrower ×421 · Shrivamsha Rider ×312 · Camel Scout ×170 · Scout Cavalry ×100 · Trebuchet (Packed) ×19 · Trade Cart ×10
Feudal
—
Castle
—
Imperial
—
| APM avg | 2.7 |
| APM peak | 60 |
| eAPM avg | 0.6 |
| Villagers / military | 19 / 0 |
Focus
⚔️ 0.0% · 🌾 100.0%
Feudal
13:23
Castle
18:15
Imperial
36:09
| APM avg | 46.9 |
| APM peak | 150 |
| eAPM avg | 33.9 |
| Villagers / military | 121 / 488 |
Focus
⚔️ 45.2% · 🌾 54.8%
Scout Cavalry ×261 · Elephant Archer ×218 · Armored Elephant ×5 · Trebuchet (Packed) ×4
Feudal
11:20
Castle
15:31
Imperial
35:47
| APM avg | 20.1 |
| APM peak | 76 |
| eAPM avg | 9.5 |
| Villagers / military | 124 / 471 |
Focus
⚔️ 28.7% · 🌾 71.3%
Teutonic Knight ×396 · Mangonel ×75 · Trade Cart ×20
Feudal
9:19
Castle
24:18
Imperial
33:22
| APM avg | 21.5 |
| APM peak | 79 |
| eAPM avg | 12.9 |
| Villagers / military | 122 / 460 |
Focus
⚔️ 47.8% · 🌾 52.2%
Spearman ×132 · Skirmisher ×121 · Militia ×70 · Knight ×43 · Mameluke ×35 · Archer ×31
Feudal
11:32
Castle
20:34
Imperial
34:22
| APM avg | 35.0 |
| APM peak | 80 |
| eAPM avg | 21.0 |
| Villagers / military | 164 / 568 |
Focus
⚔️ 44.7% · 🌾 55.3%
Archer ×228 · Spearman ×218 · Skirmisher ×97 · Trebuchet (Packed) ×13 · Mangonel ×6 · Monk ×3
Feudal
23:53
Castle
41:43
Imperial
—
| APM avg | 5.6 |
| APM peak | 37 |
| eAPM avg | 5.2 |
| Villagers / military | 95 / 184 |
Focus
⚔️ 45.5% · 🌾 54.5%
Skirmisher ×56 · Spearman ×55 · Knight ×36 · Militia ×19 · Throwing Axeman ×16 · Monk ×2
Feudal
—
Castle
—
Imperial
—
| APM avg | 0.0 |
| APM peak | 1 |
| eAPM avg | 0.0 |
| Villagers / military | 0 / 0 |
Match map
Initial resources + every placement click. Lines = walls · curves = elevation contours. ◆ gold · ⬟ stone · ● berries · ✦ relic · ◌ wall gap
Your base· ✓ Closed at 17:12 · 0t walls · 2 gate(s)
KronoS's base· ✓ Closed at 12:00 · 0t walls · 3 gate(s)
Jack.'s base· ✓ Closed at 18:15 · 0t walls · 2 gate(s)
BetterkSkill's base· ✓ Closed at 15:31 · 0t walls · 2 gate(s)
MikeyLikesIt's base· ✓ Closed at 24:18 · 0t walls · 3 gate(s)
iodure's base· ✓ Closed at 20:34 · 0t walls · 2 gate(s)
654687746's base· ✓ Closed at 41:43 · 0t walls · 3 gate(s)
Caronte's base· ✓ Closed at 12:00 · 0t walls · 3 gate(s)
Smoothed initial terrain · ◌ = detected wall gap · hover for details
Inputs per minute
— 神乐成风 - - KronoS
Build order — 神乐成风
First 150 of 607 actions detected
| 0:03 | Create | Villager (Male) ×4 |
| 0:03 | Create | Villager (Male) ×4 |
| 0:04 | Create | Villager (Male) ×4 |
| 0:10 | Build | House |
| 0:11 | Build | House |
| 0:30 | Build | Mill |
| 1:55 | Create | Villager (Male) |
| 1:55 | Create | Villager (Male) |
| 2:20 | Create | Villager (Male) |
| 2:20 | Create | Villager (Male) |
| 2:43 | Create | Villager (Male) |
| 2:43 | Create | Villager (Male) |
| 2:55 | Build | House |
| 3:00 | Build | House |
| 3:26 | Create | Villager (Male) |
| 3:26 | Create | Villager (Male) |
| 3:50 | Create | Villager (Male) ×3 |
| 3:51 | Create | Villager (Male) ×3 |
| 4:30 | Create | Villager (Male) |
| 4:30 | Create | Villager (Male) |
| 5:03 | Build | Lumber Camp |
| 5:12 | Create | Villager (Male) ×3 |
| 5:12 | Create | Villager (Male) ×3 |
| 5:12 | Create | Villager (Male) ×3 |
| 5:27 | Create | Villager (Male) |
| 5:27 | Create | Villager (Male) |
| 5:28 | Research | Loom |
| 6:31 | Create | Villager (Male) ×3 |
| 6:31 | Create | Villager (Male) ×3 |
| 7:14 | Create | Villager (Male) |
| 7:14 | Create | Villager (Male) |
| 7:45 | Create | Villager (Male) ×5 |
| 7:45 | Create | Villager (Male) ×5 |
| 7:46 | Create | Villager (Male) ×5 |
| 8:22 | Create | Villager (Male) |
| 8:53 | Research | Feudal Age |
| 8:59 | Build | Mining Camp |
| 9:14 | Build | House |
| 9:16 | Build | House |
| 9:17 | Build | House |
| 9:20 | Build | House |
| 9:21 | Build | House |
| 10:15 | Create | Villager (Male) |
| 10:15 | Create | Villager (Male) |
| 11:26 | Age | Feudal Age |
| 11:28 | Build | Mill |
| 11:36 | Build | Farm |
| 11:37 | Build | Farm |
| 11:37 | Build | Farm |
| 11:37 | Build | Farm |
| 11:37 | Build | Farm |
| 11:38 | Build | Farm |
| 11:38 | Build | Farm |
| 11:41 | Create | Villager (Male) |
| 11:41 | Create | Villager (Male) |
| 11:53 | Research | Double-Bit Axe |
| 12:04 | Build | Blacksmith |
| 12:43 | Build | Farm |
| 12:43 | Build | Farm |
| 12:44 | Build | Farm |
| 12:44 | Build | Farm |
| 12:44 | Build | Farm |
| 12:47 | Create | Villager (Male) |
| 13:13 | Build | Farm |
| 13:13 | Build | Farm |
| 13:13 | Build | Farm |
| 13:14 | Build | Farm |
| 13:14 | Build | Farm |
| 13:14 | Build | Farm |
| 13:15 | Build | Farm |
| 13:28 | Build | Farm |
| 13:29 | Build | Farm |
| 13:29 | Build | Farm |
| 13:29 | Build | Farm |
| 13:29 | Build | Farm |
| 13:29 | Build | Farm |
| 13:36 | Create | Villager (Male) |
| 13:36 | Create | Villager (Male) |
| 14:07 | Build | Market |
| 14:24 | Build | House |
| 14:32 | Research | Castle Age |
| 15:15 | Create | Villager (Male) |
| 15:15 | Create | Villager (Male) |
| 15:25 | Build | House |
| 15:27 | Build | House |
| 15:28 | Build | House |
| 16:09 | Build | Barracks |
| 17:12 | Age | Castle Age |
| 17:38 | Build | Stable |
| 17:43 | Research | Bow Saw |
| 17:54 | Build | Town Center |
| 18:06 | Research | Gold Mining |
| 18:38 | Create | Villager (Male) ×5 |
| 18:41 | Create | Villager (Male) ×5 |
| 18:59 | Create | Shrivamsha Rider |
| 19:18 | Build | Stable |
| 19:24 | Build | Farm |
| 19:24 | Build | Farm |
| 19:24 | Build | Farm |
| 19:24 | Build | Farm |
| 19:25 | Build | Farm |
| 19:25 | Build | Farm |
| 19:39 | Build | Farm |
| 19:40 | Build | Farm |
| 19:40 | Build | Farm |
| 19:40 | Build | Farm |
| 19:40 | Build | Farm |
| 19:40 | Build | Farm |
| 19:41 | Build | Farm |
| 19:41 | Build | Farm |
| 19:41 | Build | Farm |
| 19:54 | Research | Horse Collar |
| 20:21 | Build | Monastery |
| 20:33 | Build | House |
| 20:36 | Build | House |
| 20:38 | Build | House |
| 20:43 | Build | Farm |
| 20:45 | Create | Villager (Male) |
| 20:46 | Create | Villager (Male) |
| 20:56 | Build | Farm |
| 20:56 | Build | Farm |
| 20:57 | Build | Farm |
| 20:57 | Build | Farm |
| 20:57 | Build | Farm |
| 20:57 | Build | Farm |
| 20:58 | Build | Farm |
| 20:58 | Build | Farm |
| 20:58 | Build | Farm |
| 20:58 | Build | Farm |
| 20:59 | Build | Farm |
| 20:59 | Build | Farm |
| 20:59 | Build | Farm |
| 21:00 | Build | Farm |
| 21:00 | Build | Farm |
| 21:00 | Build | Farm |
| 21:00 | Build | Farm |
| 21:01 | Build | Farm |
| 21:01 | Build | Farm |
| 21:16 | Build | Farm |
| 21:17 | Build | Farm |
| 21:22 | Create | Villager (Male) |
| 21:22 | Create | Villager (Male) |
| 21:27 | Build | Farm |
| 21:27 | Build | Farm |
| 21:27 | Build | Farm |
| 21:28 | Build | Farm |
| 21:28 | Build | Farm |
| 21:29 | Build | Farm |
| 21:29 | Build | Farm |
| 21:29 | Build | Farm |
Build order — KronoS
23 actions detected in the replay
| 0:03 | Create | Villager (Male) ×4 |
| 0:06 | Build | House |
| 0:09 | Build | House |
| 1:38 | Create | Villager (Male) |
| 1:39 | Create | Villager (Male) |
| 2:08 | Research | Loom |
| 2:14 | Create | Villager (Male) |
| 2:15 | Create | Villager (Male) |
| 2:33 | Create | Villager (Male) |
| 2:33 | Create | Villager (Male) |
| 2:33 | Create | Villager (Male) |
| 3:02 | Create | Villager (Male) |
| 3:03 | Create | Villager (Male) |
| 3:28 | Create | Villager (Male) |
| 3:28 | Create | Villager (Male) |
| 4:22 | Create | Villager (Male) |
| 4:22 | Create | Villager (Male) |
| 4:25 | Build | House |
| 4:26 | Build | House |
| 4:46 | Create | Villager (Male) |
| 4:46 | Create | Villager (Male) |
| 5:19 | Build | House |
| 5:32 | Build | Mill |
Build order — Jack.
First 150 of 761 actions detected
| 0:05 | Build | House |
| 0:07 | Create | Villager (Male) |
| 0:07 | Create | Villager (Male) |
| 0:07 | Create | Villager (Male) |
| 0:07 | Create | Villager (Male) |
| 0:12 | Build | House |
| 1:54 | Create | Villager (Male) |
| 2:48 | Build | Lumber Camp |
| 2:59 | Create | Villager (Male) |
| 3:00 | Create | Villager (Male) |
| 3:44 | Create | Villager (Male) |
| 3:44 | Create | Villager (Male) |
| 3:44 | Create | Villager (Male) |
| 4:46 | Create | Villager (Male) |
| 4:46 | Create | Villager (Male) |
| 4:46 | Create | Villager (Male) |
| 4:47 | Create | Villager (Male) |
| 5:09 | Build | House |
| 5:11 | Build | House |
| 5:21 | Build | Mill |
| 5:52 | Create | Villager (Male) |
| 5:52 | Create | Villager (Male) |
| 6:13 | Create | Villager (Male) |
| 6:14 | Create | Villager (Male) |
| 6:14 | Create | Villager (Male) |
| 6:55 | Build | House |
| 7:00 | Create | Villager (Male) |
| 7:01 | Create | Villager (Male) |
| 7:16 | Create | Villager (Male) |
| 7:16 | Create | Villager (Male) |
| 7:45 | Create | Villager (Male) |
| 7:47 | Create | Villager (Male) |
| 8:47 | Create | Villager (Male) |
| 8:48 | Create | Villager (Male) |
| 8:59 | Build | Lumber Camp |
| 9:30 | Create | Villager (Male) |
| 9:55 | Build | Mining Camp |
| 10:28 | Research | Feudal Age |
| 10:54 | Build | Barracks |
| 11:00 | Build | House |
| 11:01 | Build | House |
| 13:23 | Age | Feudal Age |
| 13:36 | Build | Blacksmith |
| 13:48 | Build | Archery Range |
| 13:50 | Build | Archery Range |
| 13:58 | Research | Horse Collar |
| 14:27 | Build | Farm |
| 14:28 | Build | Farm |
| 14:29 | Build | Farm |
| 14:30 | Build | Farm |
| 14:32 | Build | Farm |
| 14:34 | Build | Farm |
| 15:16 | Build | Farm |
| 15:17 | Build | Farm |
| 15:19 | Build | Farm |
| 15:22 | Build | Farm |
| 15:35 | Research | Castle Age |
| 15:39 | Research | Fletching |
| 16:02 | Build | Farm |
| 16:10 | Build | Farm |
| 16:18 | Research | Padded Archer Armor |
| 16:47 | Build | Farm |
| 17:35 | Create | Villager (Male) |
| 17:36 | Create | Villager (Male) |
| 17:36 | Create | Villager (Male) |
| 17:38 | Create | Villager (Male) |
| 17:38 | Create | Villager (Male) |
| 17:39 | Create | Villager (Male) |
| 17:56 | Research | Wheelbarrow |
| 17:57 | Create | Villager (Male) |
| 17:57 | Create | Villager (Male) |
| 17:57 | Create | Villager (Male) |
| 17:58 | Create | Villager (Male) |
| 18:15 | Age | Castle Age |
| 18:28 | Build | Town Center |
| 18:52 | Research | Bodkin Arrow |
| 18:56 | Create | Elephant Archer |
| 19:33 | Create | Villager (Male) |
| 19:33 | Create | Villager (Male) |
| 19:35 | Create | Villager (Male) |
| 19:49 | Create | Villager (Male) |
| 19:49 | Create | Villager (Male) |
| 19:49 | Create | Villager (Male) |
| 19:49 | Create | Villager (Male) |
| 20:03 | Build | Farm |
| 20:11 | Create | Villager (Male) |
| 20:12 | Create | Villager (Male) |
| 20:12 | Create | Villager (Male) |
| 20:25 | Build | Farm |
| 20:30 | Create | Villager (Male) |
| 20:31 | Create | Villager (Male) |
| 20:55 | Build | Archery Range |
| 20:56 | Build | Archery Range |
| 21:08 | Build | Farm |
| 21:20 | Research | Double-Bit Axe |
| 21:36 | Create | Elephant Archer |
| 21:39 | Create | Elephant Archer |
| 21:39 | Create | Elephant Archer |
| 21:39 | Create | Elephant Archer |
| 21:39 | Create | Elephant Archer |
| 21:48 | Build | Farm |
| 21:59 | Research | Leather Archer Armor |
| 22:24 | Research | Gold Mining |
| 22:33 | Create | Elephant Archer |
| 22:34 | Create | Elephant Archer |
| 22:43 | Build | House |
| 22:44 | Build | House |
| 22:45 | Build | House |
| 22:47 | Build | House |
| 22:48 | Build | House |
| 22:48 | Build | House |
| 23:51 | Research | Thumb Ring |
| 24:13 | Build | Farm |
| 24:18 | Create | Villager (Male) |
| 24:18 | Create | Villager (Male) |
| 24:18 | Create | Villager (Male) |
| 24:18 | Create | Villager (Male) |
| 24:19 | Create | Villager (Male) |
| 24:19 | Create | Villager (Male) |
| 24:19 | Create | Villager (Male) |
| 24:41 | Create | Villager (Male) |
| 24:41 | Create | Villager (Male) |
| 24:41 | Create | Villager (Male) |
| 25:15 | Build | Farm |
| 25:36 | Build | Farm |
| 25:51 | Create | Villager (Male) |
| 25:51 | Create | Villager (Male) |
| 25:51 | Create | Villager (Male) |
| 25:52 | Create | Villager (Male) |
| 26:03 | Build | Farm |
| 26:14 | Build | Farm |
| 26:18 | Build | Farm |
| 26:27 | Create | Elephant Archer |
| 26:28 | Create | Elephant Archer |
| 26:28 | Create | Elephant Archer |
| 26:28 | Create | Elephant Archer |
| 26:28 | Create | Elephant Archer |
| 26:29 | Create | Elephant Archer |
| 26:29 | Create | Elephant Archer |
| 26:29 | Create | Elephant Archer |
| 26:29 | Create | Elephant Archer |
| 26:36 | Build | Farm |
| 26:51 | Create | Villager (Male) |
| 26:52 | Create | Villager (Male) |
| 26:52 | Create | Villager (Male) |
| 27:07 | Build | Farm |
| 27:13 | Create | Villager (Male) |
| 27:13 | Create | Villager (Male) |
| 27:13 | Create | Villager (Male) |
| 27:22 | Create | Elephant Archer |
Build order — BetterkSkill
First 150 of 385 actions detected
| 0:05 | Create | Villager (Male) |
| 0:06 | Create | Villager (Male) |
| 0:06 | Create | Villager (Male) |
| 0:06 | Create | Villager (Male) |
| 0:06 | Create | Villager (Male) |
| 0:10 | Build | House |
| 0:13 | Build | House |
| 1:34 | Create | Villager (Male) |
| 2:28 | Build | Lumber Camp |
| 2:30 | Create | Villager (Male) |
| 2:30 | Create | Villager (Male) |
| 3:02 | Create | Villager (Male) |
| 3:08 | Create | Villager (Male) |
| 3:38 | Create | Villager (Male) |
| 3:48 | Build | House |
| 3:57 | Create | Villager (Male) |
| 4:22 | Create | Villager (Male) |
| 4:26 | Build | House |
| 4:54 | Build | Mill |
| 5:08 | Create | Villager (Male) |
| 5:08 | Create | Villager (Male) |
| 5:36 | Create | Villager (Male) |
| 5:38 | Create | Villager (Male) |
| 6:14 | Create | Villager (Male) |
| 6:14 | Create | Villager (Male) |
| 6:49 | Create | Villager (Male) |
| 6:51 | Create | Villager (Male) |
| 7:41 | Create | Villager (Male) |
| 8:29 | Build | Mining Camp |
| 8:58 | Research | Feudal Age |
| 9:38 | Build | Farm |
| 9:43 | Build | Farm |
| 9:53 | Build | Farm |
| 9:58 | Build | Farm |
| 10:31 | Build | Farm |
| 10:40 | Build | Farm |
| 10:44 | Build | Farm |
| 10:52 | Build | Farm |
| 11:20 | Age | Feudal Age |
| 11:23 | Build | Blacksmith |
| 11:44 | Build | Market |
| 12:51 | Research | Castle Age |
| 13:02 | Research | Horse Collar |
| 13:14 | Research | Double-Bit Axe |
| 13:25 | Build | Farm |
| 13:28 | Build | Farm |
| 13:36 | Build | Farm |
| 14:13 | Build | House |
| 14:15 | Build | House |
| 14:16 | Build | House |
| 14:24 | Build | Farm |
| 14:46 | Build | Farm |
| 15:31 | Age | Castle Age |
| 15:43 | Build | Town Center |
| 16:53 | Build | Town Center |
| 17:00 | Create | Villager (Male) |
| 17:00 | Create | Villager (Male) |
| 17:00 | Create | Villager (Male) |
| 17:02 | Create | Villager (Male) |
| 17:02 | Create | Villager (Male) |
| 17:03 | Create | Villager (Male) |
| 17:38 | Create | Trade Cart |
| 17:48 | Create | Villager (Male) |
| 17:48 | Create | Villager (Male) |
| 17:48 | Create | Villager (Male) |
| 17:49 | Create | Villager (Male) |
| 17:49 | Create | Villager (Male) |
| 17:50 | Create | Villager (Male) |
| 18:05 | Research | Bow Saw |
| 18:38 | Research | Heavy Plow |
| 18:50 | Research | Wheelbarrow |
| 19:09 | Create | Trade Cart |
| 19:26 | Create | Villager (Male) |
| 19:27 | Create | Villager (Male) |
| 19:28 | Create | Villager (Male) |
| 19:34 | Build | Farm |
| 20:09 | Create | Villager (Male) |
| 20:09 | Create | Villager (Male) |
| 20:10 | Create | Villager (Male) |
| 20:14 | Research | Hand Cart |
| 20:22 | Create | Villager (Male) |
| 20:22 | Create | Villager (Male) |
| 20:23 | Create | Villager (Male) |
| 20:23 | Create | Villager (Male) |
| 20:32 | Build | Farm |
| 20:35 | Build | Farm |
| 21:04 | Build | Farm |
| 21:06 | Build | Farm |
| 21:11 | Build | Farm |
| 21:14 | Build | Farm |
| 21:19 | Build | Farm |
| 21:21 | Create | Villager (Male) |
| 21:21 | Create | Villager (Male) |
| 21:21 | Create | Villager (Male) |
| 21:23 | Create | Villager (Male) |
| 21:26 | Create | Villager (Male) |
| 21:31 | Build | Mining Camp |
| 21:36 | Create | Villager (Male) |
| 21:40 | Create | Trade Cart |
| 21:51 | Create | Villager (Male) |
| 21:51 | Create | Villager (Male) |
| 21:57 | Build | House |
| 21:58 | Build | House |
| 21:59 | Build | House |
| 22:17 | Research | Stone Mining |
| 22:24 | Create | Villager (Male) |
| 22:26 | Create | Villager (Male) |
| 22:28 | Create | Villager (Male) |
| 22:30 | Create | Villager (Male) |
| 22:42 | Build | House |
| 22:43 | Build | House |
| 22:44 | Build | House |
| 22:45 | Build | House |
| 23:36 | Research | Forging |
| 23:37 | Research | Scale Mail Armor |
| 23:54 | Create | Trade Cart |
| 24:16 | Create | Villager (Male) |
| 24:16 | Create | Villager (Male) |
| 24:16 | Create | Villager (Male) |
| 24:18 | Create | Villager (Male) |
| 24:19 | Create | Villager (Male) |
| 24:31 | Create | Villager (Male) |
| 24:31 | Create | Villager (Male) |
| 24:32 | Create | Villager (Male) |
| 24:37 | Create | Villager (Male) |
| 24:37 | Create | Villager (Male) |
| 24:38 | Create | Villager (Male) |
| 24:50 | Build | House |
| 24:54 | Build | House |
| 24:55 | Build | House |
| 25:20 | Research | Gold Mining |
| 25:23 | Research | Stone Shaft Mining |
| 26:00 | Create | Villager (Male) |
| 26:00 | Create | Villager (Male) |
| 26:04 | Create | Villager (Male) |
| 26:20 | Build | Mining Camp |
| 26:34 | Create | Trade Cart |
| 26:37 | Research | Caravan |
| 26:38 | Create | Trade Cart |
| 26:40 | Create | Trade Cart |
| 26:40 | Create | Trade Cart |
| 26:45 | Build | Farm |
| 27:09 | Build | Mining Camp |
| 27:14 | Create | Villager (Male) |
| 27:14 | Create | Villager (Male) |
| 27:15 | Create | Villager (Male) |
| 27:16 | Create | Villager (Male) |
| 27:16 | Create | Villager (Male) |
| 27:17 | Create | Villager (Male) |
| 27:29 | Create | Villager (Male) |
Build order — MikeyLikesIt
First 150 of 700 actions detected
| 0:15 | Create | Villager (Male) |
| 0:15 | Create | Villager (Male) |
| 0:15 | Create | Villager (Male) |
| 0:18 | Build | House |
| 0:20 | Build | House |
| 0:42 | Create | Villager (Male) |
| 2:23 | Create | Villager (Male) |
| 2:24 | Create | Villager (Male) |
| 2:39 | Build | Lumber Camp |
| 4:42 | Build | Mill |
| 7:09 | Research | Feudal Age |
| 8:00 | Create | Villager (Male) |
| 8:11 | Create | Villager (Male) |
| 8:34 | Create | Villager (Male) |
| 9:05 | Research | Loom |
| 9:19 | Age | Feudal Age |
| 10:08 | Build | Farm |
| 10:11 | Build | Farm |
| 10:13 | Build | Farm |
| 10:16 | Research | Horse Collar |
| 10:30 | Create | Villager (Male) |
| 10:30 | Create | Villager (Male) |
| 10:49 | Build | House |
| 11:04 | Research | Wheelbarrow |
| 12:30 | Build | Farm |
| 12:34 | Build | Farm |
| 12:37 | Build | Farm |
| 12:45 | Create | Villager (Male) |
| 12:45 | Create | Villager (Male) |
| 12:45 | Create | Villager (Male) |
| 12:46 | Create | Villager (Male) |
| 13:28 | Create | Villager (Male) |
| 13:28 | Create | Villager (Male) |
| 13:29 | Create | Villager (Male) |
| 13:50 | Build | Mining Camp |
| 14:07 | Research | Double-Bit Axe |
| 15:18 | Create | Villager (Male) |
| 15:18 | Create | Villager (Male) |
| 15:18 | Create | Villager (Male) |
| 15:18 | Create | Villager (Male) |
| 16:16 | Build | Lumber Camp |
| 16:28 | Build | Mining Camp |
| 16:40 | Build | House |
| 17:23 | Build | Farm |
| 17:36 | Build | Farm |
| 17:44 | Build | House |
| 17:52 | Create | Villager (Male) |
| 17:52 | Create | Villager (Male) |
| 17:52 | Create | Villager (Male) |
| 18:18 | Build | Farm |
| 18:47 | Build | Farm |
| 19:20 | Build | Market |
| 20:36 | Create | Villager (Male) |
| 20:36 | Create | Villager (Male) |
| 20:54 | Build | Blacksmith |
| 21:38 | Research | Castle Age |
| 21:38 | Research | Castle Age |
| 21:49 | Build | House |
| 22:03 | Build | Lumber Camp |
| 23:51 | Build | Barracks |
| 24:11 | Build | Barracks |
| 24:18 | Create | Villager (Male) |
| 24:18 | Age | Castle Age |
| 24:18 | Create | Villager (Male) |
| 24:18 | Create | Villager (Male) |
| 24:19 | Create | Villager (Male) |
| 24:19 | Create | Villager (Male) |
| 24:19 | Create | Villager (Male) |
| 24:54 | Research | Hand Cart |
| 25:24 | Create | Villager (Male) |
| 25:24 | Create | Villager (Male) |
| 25:52 | Build | Stable |
| 26:25 | Build | Stable |
| 26:34 | Create | Villager (Male) |
| 26:34 | Create | Villager (Male) |
| 26:35 | Create | Villager (Male) |
| 26:46 | Research | Heavy Plow |
| 27:49 | Build | Castle |
| 28:55 | Build | Town Center |
| 29:15 | Research | Husbandry |
| 29:17 | Research | Bloodlines |
| 29:18 | Create | Camel Scout |
| 29:18 | Create | Camel Scout |
| 29:19 | Create | Camel Scout |
| 29:19 | Create | Camel Scout |
| 29:19 | Create | Camel Scout |
| 29:19 | Create | Camel Scout |
| 29:19 | Create | Camel Scout |
| 30:12 | Research | Imperial Age |
| 30:42 | Create | Camel Scout |
| 30:45 | Create | Camel Scout |
| 30:45 | Create | Camel Scout |
| 30:46 | Create | Camel Scout |
| 30:52 | Create | Villager (Male) |
| 30:52 | Create | Villager (Male) |
| 30:53 | Create | Villager (Male) |
| 31:10 | Create | Villager (Male) |
| 31:11 | Create | Villager (Male) |
| 31:37 | Build | Mining Camp |
| 31:52 | Build | University |
| 32:05 | Create | Mameluke |
| 32:05 | Create | Mameluke |
| 32:05 | Create | Mameluke |
| 32:06 | Create | Mameluke |
| 32:23 | Build | Mill |
| 33:07 | Create | Mameluke |
| 33:08 | Create | Mameluke |
| 33:08 | Create | Mameluke |
| 33:08 | Create | Mameluke |
| 33:08 | Create | Mameluke |
| 33:08 | Create | Mameluke |
| 33:18 | Create | Villager (Male) |
| 33:19 | Create | Villager (Male) |
| 33:22 | Age | Imperial Age |
| 33:45 | Research | Scale Barding Armor |
| 35:01 | Research | Chain Barding Armor |
| 35:05 | Build | Farm |
| 35:11 | Build | Farm |
| 35:15 | Build | Farm |
| 35:20 | Build | Farm |
| 35:22 | Create | Villager (Male) |
| 35:22 | Create | Villager (Male) |
| 35:23 | Create | Villager (Male) |
| 35:23 | Create | Villager (Male) |
| 35:23 | Create | Villager (Male) |
| 35:32 | Build | Farm |
| 35:37 | Build | Farm |
| 35:43 | Build | Farm |
| 35:49 | Build | Farm |
| 36:11 | Research | Conscription |
| 36:48 | Research | Heavy Camel Rider (upgrade) |
| 37:01 | Research | Gold Mining |
| 37:09 | Create | Villager (Male) |
| 37:09 | Create | Villager (Male) |
| 37:09 | Create | Villager (Male) |
| 38:10 | Build | Castle |
| 38:29 | Create | Camel Scout |
| 38:29 | Create | Camel Scout |
| 38:30 | Create | Camel Scout |
| 38:30 | Create | Camel Scout |
| 38:30 | Create | Camel Scout |
| 38:31 | Create | Camel Scout |
| 38:31 | Create | Camel Scout |
| 39:27 | Build | Stable |
| 39:28 | Build | Stable |
| 39:30 | Build | Stable |
| 39:52 | Create | Villager (Male) |
| 39:52 | Create | Villager (Male) |
| 39:52 | Create | Villager (Male) |
| 39:54 | Create | Villager (Male) |
Build order — iodure
First 150 of 946 actions detected
| 0:06 | Create | Villager (Male) |
| 0:06 | Create | Villager (Male) |
| 0:07 | Create | Villager (Male) |
| 0:22 | Build | House |
| 1:10 | Create | Villager (Male) |
| 1:10 | Create | Villager (Male) |
| 1:25 | Build | House |
| 1:45 | Create | Villager (Male) |
| 1:46 | Create | Villager (Male) |
| 2:05 | Build | Lumber Camp |
| 2:22 | Create | Villager (Male) |
| 2:22 | Create | Villager (Male) |
| 2:32 | Create | Villager (Male) |
| 3:44 | Build | House |
| 4:04 | Create | Villager (Male) |
| 4:05 | Create | Villager (Male) |
| 4:05 | Create | Villager (Male) |
| 4:25 | Create | Villager (Male) |
| 5:11 | Create | Villager (Male) |
| 5:12 | Create | Villager (Male) |
| 5:24 | Create | Villager (Male) |
| 5:55 | Build | Mill |
| 6:03 | Create | Villager (Male) |
| 6:03 | Create | Villager (Male) |
| 6:13 | Build | House |
| 6:33 | Create | Villager (Male) |
| 7:39 | Build | Mining Camp |
| 7:44 | Create | Villager (Male) |
| 7:44 | Create | Villager (Male) |
| 8:10 | Build | House |
| 9:23 | Research | Feudal Age |
| 9:39 | Build | Barracks |
| 10:11 | Create | Villager (Male) |
| 10:11 | Create | Villager (Male) |
| 10:24 | Build | House |
| 10:32 | Create | Villager (Male) |
| 10:32 | Create | Villager (Male) |
| 10:40 | Build | House |
| 11:32 | Age | Feudal Age |
| 11:42 | Build | Archery Range |
| 11:48 | Create | Villager (Male) |
| 11:48 | Create | Villager (Male) |
| 12:09 | Research | Double-Bit Axe |
| 12:28 | Create | Villager (Male) |
| 12:59 | Build | Blacksmith |
| 13:15 | Create | Villager (Male) |
| 13:15 | Create | Villager (Male) |
| 13:25 | Create | Villager (Male) |
| 13:26 | Create | Villager (Male) |
| 13:49 | Build | Farm |
| 13:51 | Build | Farm |
| 13:53 | Build | Farm |
| 14:12 | Build | Farm |
| 14:31 | Build | Farm |
| 14:33 | Build | Farm |
| 14:34 | Build | Farm |
| 14:49 | Build | Farm |
| 15:27 | Build | Farm |
| 15:35 | Build | Farm |
| 15:37 | Build | Farm |
| 15:38 | Build | Farm |
| 15:54 | Research | Horse Collar |
| 16:16 | Build | Farm |
| 16:18 | Build | Farm |
| 16:20 | Build | Farm |
| 16:28 | Create | Villager (Male) |
| 16:40 | Create | Archer |
| 16:53 | Create | Archer |
| 17:18 | Build | Archery Range |
| 17:21 | Create | Archer |
| 17:28 | Research | Loom |
| 17:41 | Create | Archer |
| 17:50 | Create | Archer |
| 17:54 | Research | Castle Age |
| 18:07 | Build | Mining Camp |
| 18:12 | Create | Archer |
| 18:23 | Build | House |
| 18:24 | Build | House |
| 18:26 | Build | House |
| 18:27 | Build | House |
| 18:31 | Create | Archer |
| 18:34 | Create | Archer |
| 18:38 | Research | Fletching |
| 18:43 | Create | Villager (Male) |
| 18:44 | Create | Villager (Male) |
| 19:03 | Create | Archer |
| 19:07 | Create | Archer |
| 19:13 | Create | Villager (Male) |
| 19:13 | Create | Villager (Male) |
| 19:14 | Create | Villager (Male) |
| 20:26 | Create | Villager (Male) |
| 20:27 | Create | Villager (Male) |
| 20:27 | Create | Villager (Male) |
| 20:27 | Create | Villager (Male) |
| 20:34 | Age | Castle Age |
| 21:06 | Build | Town Center |
| 21:27 | Research | Pikeman (upgrade) |
| 21:38 | Build | Barracks |
| 21:39 | Build | Barracks |
| 21:40 | Build | Barracks |
| 22:07 | Create | Villager (Male) |
| 22:07 | Create | Villager (Male) |
| 22:07 | Create | Villager (Male) |
| 22:08 | Create | Villager (Male) |
| 22:08 | Create | Villager (Male) |
| 22:15 | Research | Padded Archer Armor |
| 22:21 | Create | Villager (Male) |
| 22:22 | Create | Villager (Male) |
| 22:22 | Create | Villager (Male) |
| 22:22 | Create | Villager (Male) |
| 22:31 | Build | Farm |
| 22:33 | Build | Farm |
| 22:35 | Build | Farm |
| 22:55 | Create | Villager (Male) |
| 22:55 | Create | Villager (Male) |
| 22:55 | Create | Villager (Male) |
| 22:56 | Create | Villager (Male) |
| 23:19 | Create | Villager (Male) |
| 23:19 | Create | Villager (Male) |
| 23:27 | Create | Villager (Male) |
| 23:54 | Create | Villager (Male) |
| 23:54 | Create | Villager (Male) |
| 24:37 | Create | Spearman |
| 24:38 | Create | Spearman |
| 24:38 | Create | Spearman |
| 24:45 | Create | Villager (Male) |
| 24:45 | Create | Villager (Male) |
| 24:46 | Create | Villager (Male) |
| 24:46 | Create | Villager (Male) |
| 25:18 | Build | House |
| 25:19 | Build | House |
| 25:20 | Build | House |
| 25:22 | Create | Villager (Male) |
| 25:23 | Create | Villager (Male) |
| 25:23 | Create | Villager (Male) |
| 25:23 | Create | Villager (Male) |
| 25:24 | Create | Villager (Male) |
| 25:43 | Build | Castle |
| 25:53 | Create | Spearman |
| 25:55 | Create | Spearman |
| 26:00 | Create | Villager (Male) |
| 26:01 | Create | Villager (Male) |
| 26:01 | Create | Villager (Male) |
| 26:14 | Create | Villager (Male) |
| 26:14 | Create | Villager (Male) |
| 26:29 | Build | Town Center |
| 26:34 | Research | Scale Mail Armor |
| 26:56 | Create | Villager (Male) |
| 26:57 | Create | Villager (Male) |
| 26:57 | Create | Villager (Male) |
Build order — 654687746
First 150 of 401 actions detected
| 0:48 | Create | Villager (Male) |
| 0:49 | Create | Villager (Male) |
| 0:49 | Create | Villager (Male) |
| 0:49 | Create | Villager (Male) |
| 0:50 | Create | Villager (Male) |
| 0:50 | Create | Villager (Male) |
| 1:59 | Build | House |
| 2:03 | Build | House |
| 2:07 | Build | House |
| 2:10 | Build | House |
| 2:14 | Build | House |
| 3:18 | Create | Villager (Male) |
| 4:31 | Create | Villager (Male) |
| 5:22 | Build | House |
| 5:26 | Build | House |
| 5:30 | Build | House |
| 5:34 | Build | House |
| 5:53 | Build | House |
| 5:57 | Build | House |
| 6:02 | Build | House |
| 6:10 | Create | Villager (Male) |
| 6:11 | Create | Villager (Male) |
| 6:11 | Create | Villager (Male) |
| 6:11 | Create | Villager (Male) |
| 6:12 | Create | Villager (Male) |
| 7:05 | Create | Villager (Male) |
| 7:27 | Create | Villager (Male) |
| 7:31 | Create | Villager (Male) |
| 7:41 | Create | Villager (Male) |
| 8:02 | Create | Villager (Male) |
| 8:56 | Create | Villager (Male) |
| 8:57 | Create | Villager (Male) |
| 8:57 | Create | Villager (Male) |
| 10:01 | Build | Mill |
| 10:27 | Create | Villager (Male) |
| 10:27 | Create | Villager (Male) |
| 10:28 | Create | Villager (Male) |
| 10:28 | Create | Villager (Male) |
| 10:28 | Create | Villager (Male) |
| 10:29 | Create | Villager (Male) |
| 11:03 | Build | Farm |
| 11:23 | Create | Villager (Male) |
| 11:25 | Create | Villager (Male) |
| 11:26 | Create | Villager (Male) |
| 11:47 | Create | Villager (Male) |
| 11:48 | Create | Villager (Male) |
| 12:30 | Build | Farm |
| 12:42 | Build | Lumber Camp |
| 13:17 | Build | Farm |
| 13:48 | Create | Villager (Male) |
| 13:48 | Create | Villager (Male) |
| 13:48 | Create | Villager (Male) |
| 13:49 | Create | Villager (Male) |
| 13:49 | Create | Villager (Male) |
| 13:49 | Create | Villager (Male) |
| 13:49 | Create | Villager (Male) |
| 13:50 | Create | Villager (Male) |
| 13:50 | Create | Villager (Male) |
| 13:50 | Create | Villager (Male) |
| 14:07 | Build | Farm |
| 14:51 | Build | Farm |
| 14:57 | Create | Villager (Male) |
| 14:57 | Create | Villager (Male) |
| 14:58 | Create | Villager (Male) |
| 14:58 | Create | Villager (Male) |
| 15:22 | Build | Farm |
| 15:37 | Build | Farm |
| 16:11 | Build | Farm |
| 16:16 | Create | Villager (Male) |
| 16:16 | Create | Villager (Male) |
| 16:16 | Create | Villager (Male) |
| 16:17 | Create | Villager (Male) |
| 16:17 | Create | Villager (Male) |
| 16:17 | Create | Villager (Male) |
| 17:06 | Build | Barracks |
| 17:20 | Build | Farm |
| 17:45 | Build | Farm |
| 17:51 | Create | Villager (Male) |
| 17:51 | Create | Villager (Male) |
| 17:51 | Create | Villager (Male) |
| 17:52 | Create | Villager (Male) |
| 17:52 | Create | Villager (Male) |
| 17:52 | Create | Villager (Male) |
| 17:53 | Create | Villager (Male) |
| 17:53 | Create | Villager (Male) |
| 17:53 | Create | Villager (Male) |
| 17:53 | Create | Villager (Male) |
| 18:38 | Build | Farm |
| 19:12 | Build | Mining Camp |
| 20:43 | Research | Feudal Age |
| 20:59 | Create | Militia |
| 21:02 | Create | Militia |
| 21:02 | Create | Militia |
| 21:02 | Create | Militia |
| 21:03 | Create | Militia |
| 21:03 | Create | Militia |
| 21:19 | Build | Farm |
| 21:36 | Build | Farm |
| 22:19 | Build | Farm |
| 23:31 | Create | Villager (Male) |
| 23:31 | Create | Villager (Male) |
| 23:31 | Create | Villager (Male) |
| 23:32 | Create | Villager (Male) |
| 23:32 | Create | Villager (Male) |
| 23:32 | Create | Villager (Male) |
| 23:33 | Create | Villager (Male) |
| 23:33 | Create | Villager (Male) |
| 23:33 | Create | Villager (Male) |
| 23:34 | Create | Villager (Male) |
| 23:34 | Create | Villager (Male) |
| 23:35 | Create | Villager (Male) |
| 23:53 | Age | Feudal Age |
| 24:05 | Research | Man-at-Arms (upgrade) |
| 24:51 | Build | Mill |
| 25:00 | Build | Farm |
| 25:09 | Research | Wheelbarrow |
| 25:25 | Build | Watch Tower |
| 25:43 | Build | Watch Tower |
| 26:02 | Research | Town Watch |
| 26:05 | Research | Loom |
| 26:14 | Research | Gold Mining |
| 26:16 | Research | Stone Mining |
| 27:06 | Build | Blacksmith |
| 27:14 | Build | Market |
| 27:30 | Build | Watch Tower |
| 27:57 | Build | Watch Tower |
| 28:13 | Build | Farm |
| 28:22 | Build | Farm |
| 28:32 | Create | Villager (Male) |
| 28:33 | Create | Villager (Male) |
| 28:33 | Create | Villager (Male) |
| 28:33 | Create | Villager (Male) |
| 28:34 | Create | Villager (Male) |
| 28:34 | Create | Villager (Male) |
| 28:34 | Create | Villager (Male) |
| 28:34 | Create | Villager (Male) |
| 28:35 | Create | Villager (Male) |
| 28:35 | Create | Villager (Male) |
| 28:35 | Create | Villager (Male) |
| 28:35 | Create | Villager (Male) |
| 28:36 | Create | Villager (Male) |
| 28:36 | Create | Villager (Male) |
| 28:36 | Create | Villager (Male) |
| 29:03 | Create | Militia |
| 29:03 | Create | Militia |
| 29:04 | Create | Militia |
| 29:04 | Create | Militia |
| 29:04 | Create | Militia |
| 29:04 | Create | Militia |
| 29:05 | Create | Militia |
Build order — Caronte
0 actions detected in the replay
Match timeline
| 0:01 | Caronte · resign |
| 9:19 | MikeyLikesIt · age_up feudal |
| 9:39 | iodure · first_building Barracks |
| 10:54 | Jack. · first_building Barracks |
| 11:20 | BetterkSkill · age_up feudal |
| 11:26 | 神乐成风 · age_up feudal |
| 11:32 | iodure · age_up feudal |
| 11:42 | iodure · first_building Archery Range |
| 13:23 | Jack. · age_up feudal |
| 13:48 | Jack. · first_building Archery Range |
| 15:31 | BetterkSkill · age_up castle |
| 16:09 | 神乐成风 · first_building Barracks |
| 17:06 | 654687746 · first_building Barracks |
| 17:12 | 神乐成风 · age_up castle |
| 17:38 | 神乐成风 · first_building Stable |
| 18:15 | Jack. · age_up castle |
| 20:21 | 神乐成风 · first_building Monastery |
| 20:34 | iodure · age_up castle |
| 21:08 | 神乐成风 · first_market_buy 100 wood |
| 23:51 | MikeyLikesIt · first_building Barracks |
| 23:53 | 654687746 · age_up feudal |
| 24:18 | MikeyLikesIt · age_up castle |
| 24:40 | MikeyLikesIt · first_market_buy 100 wood |
| 25:43 | iodure · first_building Castle |
| 25:52 | MikeyLikesIt · first_building Stable |
| 27:19 | MikeyLikesIt · first_market_sell 100 stone |
| 27:49 | MikeyLikesIt · first_building Castle |
| 28:28 | BetterkSkill · first_building Castle |
| 29:27 | 神乐成风 · age_up imperial |
| 30:26 | 654687746 · first_building Archery Range |
| 30:36 | 654687746 · first_building Stable |
| 30:40 | 神乐成风 · first_building Castle |
| 31:06 | Jack. · first_building Monastery |
| 31:38 | 神乐成风 · first_market_sell 500 wood |
| 33:22 | MikeyLikesIt · age_up imperial |
| 34:22 | iodure · age_up imperial |
| 34:47 | Jack. · first_building Siege Workshop |
| 35:37 | BetterkSkill · first_building Siege Workshop |
| 35:47 | BetterkSkill · age_up imperial |
| 36:09 | Jack. · age_up imperial |
| 41:43 | 654687746 · age_up castle |
| 44:07 | 654687746 · first_building Castle |
| 46:02 | 654687746 · first_building Monastery |
| 46:12 | Jack. · first_market_buy 100 stone |
| 46:26 | Jack. · first_building Castle |
| 51:41 | iodure · first_market_buy 100 stone |
| 55:34 | MikeyLikesIt · first_building Archery Range |
| 57:10 | iodure · first_building Monastery |
| 61:20 | Jack. · first_building Stable |
| 67:01 | Jack. · first_market_sell 100 wood |
| 67:47 | iodure · first_building Siege Workshop |
| 80:45 | MikeyLikesIt · tribute_sent a jugador 1 |
| 80:45 | MikeyLikesIt · tribute_sent a jugador 2 |
| 80:45 | MikeyLikesIt · tribute_sent a jugador 3 |
| 80:45 | MikeyLikesIt · tribute_sent a jugador 5 |
| 80:45 | MikeyLikesIt · tribute_sent a jugador 6 |
| 80:45 | MikeyLikesIt · tribute_sent a jugador 7 |
| 80:45 | MikeyLikesIt · tribute_sent a jugador 8 |
| 89:26 | MikeyLikesIt · tribute_sent a jugador 1 |
| 89:26 | MikeyLikesIt · tribute_sent a jugador 2 |
| 89:26 | MikeyLikesIt · tribute_sent a jugador 3 |
| 89:26 | MikeyLikesIt · tribute_sent a jugador 5 |
| 89:26 | MikeyLikesIt · tribute_sent a jugador 6 |
| 89:26 | MikeyLikesIt · tribute_sent a jugador 7 |
| 89:26 | MikeyLikesIt · tribute_sent a jugador 8 |
| 90:36 | BetterkSkill · wall_segment Stone Wall x7 |
| 92:10 | MikeyLikesIt · tribute_sent a jugador 1 |
| 92:10 | MikeyLikesIt · tribute_sent a jugador 2 |
| 92:10 | MikeyLikesIt · tribute_sent a jugador 3 |
| 92:10 | MikeyLikesIt · tribute_sent a jugador 5 |
| 92:10 | MikeyLikesIt · tribute_sent a jugador 6 |
| 92:10 | MikeyLikesIt · tribute_sent a jugador 7 |
| 92:10 | MikeyLikesIt · tribute_sent a jugador 8 |
| 93:15 | MikeyLikesIt · tribute_sent a jugador 1 |
| 93:15 | MikeyLikesIt · tribute_sent a jugador 2 |
| 93:15 | MikeyLikesIt · tribute_sent a jugador 3 |
| 93:15 | MikeyLikesIt · tribute_sent a jugador 5 |
| 93:15 | MikeyLikesIt · tribute_sent a jugador 6 |
| 93:15 | MikeyLikesIt · tribute_sent a jugador 7 |
| 93:15 | MikeyLikesIt · tribute_sent a jugador 8 |
[ AI ANALYSIS · 1 CREDIT ]
What really happened in this match?
Wolo.gg analyzes every decision: build order, eco, micro, common mistakes by bracket. Personalized analysis on WhatsApp or Discord in 30 seconds.
Civ guide
Gurjaras
Perfil
Jugador #21004569